 Dungeon Crawl Stone Soup version 0.32-a0-859-gb0a091d592 (webtiles) character file.

Game seed: 3456151670667814113

31 oldriver the Changeling (level 3, 0/55 HPs)
             Began as an Oni Shapeshifter on Mar 27, 2024.
             Succumbed to a scorpion's poison
             ... on level 3 of the Dungeon.
             The game lasted 00:01:13 (1428 turns).

oldriver the Changeling (Oni Shapeshifter)          Turns: 1428, Time: 00:01:13

Health: 0/55       AC: 21    Str: 20    XL:     3   Next: 22%
Magic:  3/3        EV:  1    Int: 11    God:
Gold:   146        SH:  0    Dex:  8    Spells: 2/2 levels left

rFire   . . .        o - +2 whip (vamp)
rCold   . . .        (no shield)
rNeg    . . .        a - melded +0 animal skin
rPois   +            (helmet currently unavailable)
rElec   .            (cloak currently unavailable)
rCorr   .            (gloves unavailable)
SInv    .            (boots unavailable)
Will    .....        (no amulet)
Stlth   +            (no ring)
HPRegen 0.29/turn    (no ring)
MPRegen 0.08/turn

%: no passive effects
@: lethally poisoned (0 -> -17), tree-form
A: stationary, stasis, torment immunity, boosted hp, large, unfitting armour,
(horns 1), (tough skin 1), double potion healing, drunken brawling
a: no special abilities


You were on level 3 of the Dungeon.
You were a tree.
You visited 1 branch of the dungeon, and saw 3 of its levels.

You collected 146 gold pieces.

Inventory:

Hand Weapons
 o - a +2 vampiric whip (weapon)
Armour
 a - a +0 animal skin (melded)
Talismans
 c - a beast talisman (active)
 d - a flux talisman
Wands
 n - a wand of flame (1)
Scrolls
 g - a scroll of vulnerability {unknown}
 i - a scroll of fear {unknown}
 k - 4 scrolls of identify {unknown}
 m - a scroll of enchant weapon {unknown}
 p - a scroll of immolation {unknown}
 q - a scroll of teleportation {unknown}
 r - 2 scrolls of brand weapon {unknown}
Potions
 e - a potion of haste {unknown}
 f - a potion of magic {unknown}
 h - a potion of attraction {unknown}
 j - 2 potions of curing {unknown}
 l - 2 potions of enlightenment {unknown}


   Skills:
 * Level 3.1 Fighting
 - Level 1.7 Dodging
 + Level 3.0 Unarmed Combat
 + Level 3.2 Shapeshifting


You had 2 spell levels left.
You didn't know any spells.
Your spell library contained the following spells:

 Spells                   Type           Power      Damage    Failure   Level
 Tukima's Dance           Hex            0%         N/A       71%         3
 Dimensional Bullseye     Hex/Tloc       0%         N/A       98%         4
 Iskenderun's Mystic Bla Conj/Tloc 0%             2d3        (+2d1     98%         4


Dungeon Overview and Level Annotations

Branches:
Dungeon (3/15)

Altars:
Ashenzari


Innate Abilities, Weirdness & Mutations

You are a tree.
Your roots penetrate the ground, keeping you stationary.
You cannot be teleported.
You are immune to unholy pain and torment.
Your maximum health is greatly increased.
Your equipment is partially melded.
You are too large for most types of armour.
((You have a pair of small horns on your head.))
((You have tough skin. (AC +1)))
You gain doubled healing and magic from potions.
Whenever you drink a healing potion, you attack all around you.


Message History

Search for what [Enter for "artef", or ? for help]? aux Search for what [Enter for "aux", or ? for help]? ego What level of the Dungeon? (default 2, ? - help)
There is an open door here.
There is a stone staircase leading down here.
You climb downwards.
There is a stone staircase leading up here.
A bat and a scorpion come into view.
There are monsters nearby!
There are monsters nearby!
There are monsters nearby!
Found a sling.
The bat hits you but does no damage. The bat hits you but does no damage.
The bat barely misses you.
You whack the bat!
You kill the bat!
You hit the scorpion but do no damage. The scorpion stings you.
You are poisoned.
The scorpion poisons you!
You barely miss the scorpion.
You feel very sick. The scorpion stings you.
You closely miss the scorpion.
You feel sick. The scorpion stings you.
You are more poisoned.
The scorpion poisons you! The scorpion stings you.
You are more poisoned.
The scorpion poisons you!
You barely miss the scorpion. Your headbutt misses the scorpion.
* * * LOW HITPOINT WARNING * * *
You feel extremely sick.
The scorpion stings you but does no damage.
You barely miss the scorpion.
* * * LOW HITPOINT WARNING * * *
You feel very sick. The scorpion barely misses you.
Your transformation has ended.
You turn into a tree.
Your +0 animal skin melds into your body.
Your roots penetrate the ground.
You die...

.## ### ... ..
...# .......
.#...
#.#######.s. .#
#...<♣s.#.#...##
#.#####.........
#........)
#......###
#.........
#......###
#......#
#......#
#......#


You could see a scorpion.

Vanquished Creatures
  2 ball pythons (D:1)
  2 bats
  6 endoplasms
  2 giant cockroaches (D:2)
  2 hobgoblins (D:2)
  A kobold (D:2)
  6 frilled lizards
  4 goblins
  4 rats
29 creatures vanquished.

Notes
Turn   | Place    | Note
-------+----------+-------------------------------------------
     0 | D:1      | oldriver the Oni Shapeshifter began the quest for the Orb.
     0 | D:1      | Reached XP level 1. HP: 19/19 MP: 1/1
   296 | D:1      | Reached XP level 2. HP: 16/28 MP: 2/2
   814 | D:2      | Found a broken altar of Ashenzari.
  1009 | D:2      | Reached XP level 3. HP: 35/36 MP: 3/3
  1256 | D:2      | Found a faded altar of an unknown god.
  1417 | D:3      | Noticed a scorpion
  1428 | D:3      | Succumbed to a scorpion's poison

Illustrated notes

Levels and vault maps discovered:
D:1:      minmay_arrival_four_houses, layout_basic
D:2:      layout_basic, basic_altar, shapermc_ecumenical_altar_petra
D:3:      minmay_spotlight, layout_basic, mainiacjoe_overflow_swirl,
          mainiacjoe_overflow_alcove_2

Skill      XL: |  1  2  3 |
---------------+----------+-----
Fighting       | 2 3 |  3.1
Unarmed Combat | 3 |  3.0
Dodging        | |  1.7
Shapeshifting  | |  3.2

Action                     || total
---------------------------++-------
  Melee: Unarmed           ||    37
         Headbutt          ||     7
         Whip              ||    23
         Punch             ||     1
    Use: Potion            ||     1
 Armour: Animal skin       ||    40
  Dodge: Dodged            ||    15

Table legend: (Time is in decaauts)
 A = Elapsed time spent in this place.
 B = Non-inter-level travel time spent in this place.
 C = Inter-level travel time spent in this place.
 D = Time resting spent in this place.
 E = Time spent auto-exploring this place.
 F = Levels seen in this place.
 G = Mean time per level.
                   A        B        C        D        E       F      G
               +--------+--------+--------+--------+--------+-----+--------+
         Total |   1427 |   1378 |     49 |      0 |   1176 |   3 |  475.7 |
       Dungeon |   1427 |   1378 |     49 |      0 |   1176 |   3 |  475.7 |
               +--------+--------+--------+--------+--------+-----+--------+

Top non-repeatable levels by time:
     D:1: 758 daAuts
     D:2: 653 daAuts
     D:3: 15 daAuts
